AoeStats
← Malcolm Little

Nomad

509359604Analyzed
4v4 RM · 4d ago on Sep 26, 2026· 31m 36s· 8 players
Game mode
Random Map
Map size
231×231
Population
200
Speed
Normal
Resources
Standard
Victory
Conquest
Starting age
Dark Age
Ending age
Imperial Age
RankedLock teamsTeams togetherTeam positionsShared explorationLock speedFull tech treeHidden civsTurbo modeCheats
Victory
Defeat
🇨🇱 Dravidians · Chile
1496
+13
🇨🇴 Gurjaras · Colombia
1449
+15
🇩🇴 Persians · Dominican Republic
1425
+16
🇩🇪 Vietnamese · Germany
1391
+17
🇹🇷 Spanish · Türkiye
1509
-18
🇨🇳 Britons · China
1462
-17
🇨🇳 Cumans · China
1370
-13
🇹🇷 Varangians · Türkiye
1364
-13
Malcolm Little
12:21 Feudal Age
12:45 Loom
17:09 Castle Age
16:00 Forging
15:57 Scale Barding Armor
16:43 Double-Bit Axe
17:17 Loom
17:58 Chain Barding Armor
20:03 Bow Saw
21:40 Wheelbarrow
20:51 Town Watch
26:24 Bloodlines
27:40 Husbandry
yinyangwar
4:54 Loom
12:04 Feudal Age
20:00 Castle Age
18:48 Gold Mining
20:01 Fletching
20:51 Medium Warships
20:42 Double-Bit Axe
22:28 Wheelbarrow
26:39 Ballistics
29:01 Town Watch
31:02 Bow Saw
Morlhaw
9:59 Loom
12:57 Feudal Age
15:14 Double-Bit Axe
18:49 Castle Age
20:06 Bow Saw
20:39 Horse Collar
22:44 Town Watch
25:10 Fletching
30:54 Bodkin Arrow
Tsunade
8:42 Loom
13:40 Feudal Age
17:31 Castle Age
15:53 Double-Bit Axe
15:49 Horse Collar
16:22 Stone Mining
18:24 Bow Saw
18:16 Heavy Plow
20:49 Gold Mining
22:21 Wheelbarrow
22:16 Town Watch
22:45 Fishing Lines
25:30 Hand Cart
29:08 Imperial Age
26:48 Fletching
27:20 Ballistics
27:41 Masonry
28:09 Bodkin Arrow
28:15 Padded Archer Armor
29:55 Bracer
30:56 Two-Man Saw
31:07 Chemistry
30:24 Leather Archer Armor
32:05 Stone Shaft Mining
Oi Oi Oi
14:14 Feudal Age
16:08 Fletching
18:35 Castle Age
16:47 Double-Bit Axe
19:39 Medium Warships
19:31 Bodkin Arrow
22:11 Loom
22:23 Fishing Lines
23:13 Horse Collar
26:39 Forging
31:39 Squires
swipp
6:20 Loom
12:09 Feudal Age
18:07 Castle Age
16:30 Double-Bit Axe
19:28 Bow Saw
23:04 Padded Archer Armor
心醉
3:27 Loom
15:16 Feudal Age
18:08 Double-Bit Axe
18:44 Horse Collar
19:55 Fletching
26:09 Wheelbarrow
29:32 Castle Age
29:39 Castle Age
29:05 Scale Barding Armor
29:10 Forging
29:47 Bloodlines
32:03 Bow Saw
31:54 Heavy Plow
王德发
4:47 Loom
13:49 Feudal Age
21:44 Castle Age
20:25 Gold Mining
20:22 Double-Bit Axe
21:48 Horse Collar
22:43 Medium Warships
23:33 Fletching
23:40 Crossbowman
24:20 Bodkin Arrow
Connection lost

Rejoining the realm…

Still unreachable

The connection could not be restored.

Session expired

The server has moved on; the page needs a fresh start.